 Dungeon Crawl Stone Soup version 0.19-a0-442-g8935a21 (webtiles) character file.

195 Ordine the Changer (level 5, -1/33 HPs)
             Began as an Octopode Transmuter on June 1, 2016.
             Was an Initiate of Cheibriados.
             Slain by a gnoll
             ... wielding a +0 spear
              (6 damage)
             ... on level 3 of the Dungeon.
             The game lasted 00:08:11 (2860 turns).

Ordine the Changer (Octopode Transmuter)            Turns: 2860, Time: 00:08:12

Health: -1/33      AC:  1    Str: 10    XL:     5   Next: 74%
Magic:  17/17      EV: 12    Int: 18    God:    Cheibriados [......]
Gold:   39         SH:  0    Dex: 13    Spells: 1 memorised, 5 levels left

rFire  . . .     SeeInvis .       - Unarmed
rCold  . . .     Gourm    .     (no shield)
rNeg   . . .     Faith    .     (helmet restricted)
rPois  .         Spirit   .     (no amulet)
rElec  .         Dismiss  .     d - ring of magical power
rCorr  .         Reflect  .     (no ring)
SustAt .         Harm     .     (no ring)
MR     .....                    (no ring)
Stlth  ++........               (no ring)
                                (no ring)
                                (no ring)
                                (no ring)

@: very slow, not resistant to hostile enchantments, unstealthy
A: almost no armour, amphibious, 8 rings, constrict 8, camouflage 1, gelatinous
body 1
a: Bend Time, Renounce Religion


You were on level 3 of the Dungeon.
You worshipped Cheibriados.
Cheibriados was noncommittal.
You were not hungry.

You visited 1 branch of the dungeon, and saw 3 of its levels.

You collected 39 gold pieces.

Inventory:

Jewellery
 d - a ring of magical power (left tentacle)
 e - an uncursed ring of fire
Potions
 k - a potion of haste {unknown}
Books
 b - a book of Changes

   Spells                             Type                      Level
   a - Beastly Appendage              Transmutation                1
   b - Sticks to Snakes               Transmutation                2
   c - Spider Form                    Transmutation/Poison         3
   d - Ice Form                       Ice/Transmutation            4
   e - Blade Hands                    Transmutation                5
Comestibles
 c - a bread ration
 f - 2 chunks of flesh
 g - a meat ration
 j - a beef jerky
 l - 2 slices of pizza


   Skills:
 - Level 1.0 Fighting
 - Level 2.0 Dodging
 + Level 4.0 Unarmed Combat
 - Level 2.0 Spellcasting
 * Level 5.0 Transmutations


You had 5 spell levels left.
You knew the following spells:

 Your Spells              Type           Power        Failure   Level  Hunger
a - Spider Form           Tmut/Pois      ##........   21%         3    ###....


Dungeon Overview and Level Annotations

Branches:
Dungeon (3/15)

Altars:
Cheibriados
Makhleb
Qazlal
Yredelemnul

Annotations:
D:3 exclusion: orc priest


Innate Abilities, Weirdness & Mutations

You cannot wear most types of armour.
You are amphibious.
You can wear up to eight rings at the same time.
You can use your tentacles to constrict eight enemies at once.
Your skin changes colour to match your surroundings (Stealth+).
Your rubbery body absorbs attacks. (AC +1)


Message History

You tentacle-slap the gnoll.
The gnoll is heavily wounded.
You constrict the gnoll, but do no damage.
The gnoll hits you with a whip!
You bludgeon the gnoll!
The gnoll is almost dead.
You constrict the gnoll.
You kill the gnoll!
Cheibriados thoroughly appreciates the change of pace.
You closely miss the orc priest. You grab the orc priest.
You constrict the orc priest. The orc priest closely misses you.
You tentacle-slap the orc priest. You squeeze the orc priest.
The orc priest is severely wounded.
You constrict the orc priest.
The gnoll hits you from afar with a spear!
* * * LOW HITPOINT WARNING * * *
It was a potion of cancellation.
You feel magically purged.
You constrict the orc priest. The orc priest closely misses you.
The gnoll hits you from afar with a spear.
You die...

.#####...#...##.. ... ...
.............##.. ... ....
...........####). # ... ..#
...........####.. #. .....#
[.......#####.(.. .##.#.#
........## #...# .. ......
...#.#...####...#
...##.#o####.#.#......)...#
.......ogo@................
........####.#.#+##...<#'##
#####.#...##........###....
# #.............# #....
###.#.............# #....
...o.o...##........###....
...o..#####.#......#.'....
o..... #.#........#...#
...### ###.#.####......


You could see an orc priest, an orc wizard, a gnoll and an orc.

Vanquished Creatures
  An ogre (D:3)
  4 gnolls
  2 adders (D:2)
  3 dart slugs (D:1)
  3 giant geckos
  3 orcs (D:3)
  A ball python (D:2)
  4 hobgoblins
  5 jackals
  4 bats (D:2)
  3 giant newts
  4 goblins
  5 kobolds
  7 rats
49 creatures vanquished.

Notes
Turn   | Place    | Note
--------------------------------------------------------------
     0 | D:1      | Ordine the Octopode Transmuter began the quest for the Orb.
     0 | D:1      | Reached XP level 1. HP: 13/13 MP: 3/3
   205 | D:1      | Reached skill level 3 in Transmutations
   205 | D:1      | Reached XP level 2. HP: 11/18 MP: 5/5
   805 | D:1      | Reached XP level 3. HP: 21/23 MP: 6/6
   811 | D:1      | Learned a level 3 spell: Spider Form
  1518 | D:2      | Found a faded altar of an unknown god.
  1727 | D:2      | Found a basalt altar of Yredelemnul.
  1832 | D:2      | Found a snail-covered altar of Cheibriados.
  1834 | D:2      | Found a burning altar of Makhleb.
  1835 | D:2      | Found a stormy altar of Qazlal.
  1854 | D:2      | Reached XP level 4. HP: 17/28 MP: 7/7
  1939 | D:2      | Reached skill level 4 in Transmutations
  2263 | D:2      | Became a worshipper of Cheibriados the Contemplative
  2698 | D:3      | Noticed an ogre
  2707 | D:3      | Killed an ogre
  2707 | D:3      | Reached XP level 5. HP: 25/33 MP: 8/8
  2853 | D:3      | Reached skill level 5 in Transmutations
  2860 | D:3      | Slain by a gnoll

Vault maps used:
D:1:      dpeg_arrival_round_c, minivault_24
D:2:      gammafunk_temple_overflow_forgotten, marbit_many_paths,
          ecumenical_altar_2
D:3:      gup_sewer_entry_spiral

Skill      XL: |  1  2  3  4  5 |
---------------+----------------+-----
Transmutations | 3 4 5 |  5.0
Unarmed Combat | 4 |  4.0
Fighting       | |  1.0
Dodging        | |  2.0
Spellcasting   | |  2.0

Action                   |  1- 3 |  4- 6 || total
-------------------------+-------+-------++-------
Melee: Unarmed           |    80 |    57 ||   137
       Constrict         |    22 |    13 ||    35
       Tentacles         |    10 |     8 ||    18
       Punch             |     2 |       ||     2
 Cast: Spider Form       |       |     2 ||     2
  Use: Scroll            |     4 |     2 ||     6
       Potion            |       |     4 ||     4
 Stab: Sleeping          |     9 |       ||     9
  Eat: Chunk             |     3 |     4 ||     7
Armor: Skin              |     6 |    11 ||    17
Dodge: Dodged            |    28 |    21 ||    49
